 Dungeon Crawl Stone Soup version 0.18-a0-1405-g73f4075 (webtiles) character file.

468 Duffy the Quickloader (level 7, -2/40 HPs)
             Began as a Kobold Hunter on Feb 25, 2016.
             Was an Initiate of Cheibriados.
             Slain by an ogre
             ... wielding a +0 giant club
              (21 damage)
             ... on level 4 of the Dungeon.
             The game lasted 00:05:26 (4764 turns).

Duffy the Quickloader (Kobold Hunter)               Turns: 4764, Time: 00:05:26

Health: -2/40      AC:  7    Str: 11    XL:     7   Next: 30%
Magic:  7/7        EV: 13    Int: 11    God:    Cheibriados [......]
Gold:   119        SH:  5    Dex: 19    Spells: 0 memorised, 6 levels left

rFire  . . .     SeeInvis .     a - +1 hand crossbow
rCold  . . .     Gourm    .     k - +0 ring mail
rNeg   . . .     Faith    .     (shield restricted)
rPois  .         Spirit   .     j - +0 helmet
rElec  .         Dismiss  .     u - +0 cloak
rCorr  .         Reflect  +     (no gloves)
SustAt .         Harm     .     (no boots)
MR     .....                    q - +5 amulet of reflection
Stlth  +.........               (no ring)
                                (no ring)

@: very slow, not resistant to hostile enchantments, very unstealthy
A: carnivore 3
a: Bend Time, Renounce Religion


You were on level 4 of the Dungeon.
You worshipped Cheibriados.
Cheibriados was noncommittal.
You were completely stuffed.

You visited 1 branch of the dungeon, and saw 4 of its levels.

You collected 119 gold pieces.


Innate Abilities, Weirdness & Mutations

You are small and have problems with some larger weapons.
You are carnivorous and can eat meat at any time.


   Skills:
 - Level 2.1 Fighting
 + Level 9.9 Crossbows
 - Level 2.4 Dodging
 - Level 1.3 Stealth


You had 6 spell levels left.
You didn't know any spells.

Inventory:

Hand Weapons
 a - a +1 hand crossbow (weapon)
 b - a +0 short sword
 w - a +0 blowgun
Missiles
 d - 32 bolts (quivered)
 x - 19 poisoned needles
Armour
 h - a cursed +0 scale mail
 j - a +0 helmet (worn)
 k - a +0 ring mail (worn)
 u - a +0 cloak (worn)
Jewellery
 q - a +5 amulet of reflection (around neck)
Scrolls
 i - a scroll of fear {unknown}
 l - 2 scrolls of teleportation
 n - a scroll of remove curse
 o - a scroll of noise {unknown}
 s - a scroll of immolation {unknown}
Potions
 e - a potion of brilliance {unknown}
 g - 3 potions of resistance {unknown}
 m - 2 potions of agility
 p - a potion of cure mutation {unknown}
 r - a potion of ambrosia {unknown}
 t - a potion of heal wounds {unknown}
Comestibles
 c - a chunk of flesh
 f - a meat ration
 v - a slice of pizza

Dungeon Overview and Level Annotations

Branches:
Dungeon (4/15)
 Temple: D:4-7

Altars:
Cheibriados
Fedhas
Kikubaaqudgha
Pakellas
Ru
Xom
The Shining One


Message History

You now have 119 gold pieces (gained 10).
An ogre comes into view. It is wielding a giant club.
a - a +1 hand crossbow (weapon)
Firing (i - inventory):
d - 37 bolts (quivered)
Press: ? - help, Shift-Dir - straight line, f - ogre
Aim: an ogre, wielding a giant club You shoot a bolt.
The bolt barely misses the ogre.
Firing (i - inventory):
d - 36 bolts (quivered)
Press: ? - help, Shift-Dir - straight line, f/p - ogre
Aim: an ogre, wielding a giant club You shoot a bolt.
The bolt hits the ogre.
The ogre is lightly wounded.
The ogre completely misses you.
Firing (i - inventory):
d - 35 bolts (quivered)
Press: ? - help, Shift-Dir - straight line, f/p - ogre
Aim: an ogre, wielding a giant club (lightly wounded)
You shoot a bolt. The bolt hits the ogre.
The ogre is lightly wounded.
The ogre barely misses you.
Firing (i - inventory):
d - 34 bolts (quivered)
Press: ? - help, Shift-Dir - straight line, f/p - ogre
Aim: an ogre, wielding a giant club (lightly wounded)
You shoot a bolt. The bolt hits the ogre!
The ogre is moderately wounded.
The ogre hits you with a giant club!!
Ouch! That really hurt!
You are too injured to fight recklessly!
Firing (i - inventory):
d - 33 bolts (quivered)
Press: ? - help, Shift-Dir - straight line, f/p - ogre
Aim: an ogre, wielding a giant club (moderately wounded)
You shoot a bolt. The bolt hits the ogre!
The ogre is severely wounded.
The ogre hits you with a giant club!!
Ouch! That really hurt!
You die...

......####.#.......#.#......
............................
......####......##.##.######
......########..##.# .#
................##.# .#
......#########.# .# ......#
#.# ......# #.## ......#
#O@# ......# .....(..#
......# ........# #######
......... .........#
.........# ########.. ..


You could see an ogre.

Action                   |  1- 3 |  4- 6 |  7- 9 || total
-------------------------+-------+-------+-------++-------
Melee: Short sword       |   104 |   165 |       ||   269
 Fire: Hand crossbow     |    11 |    43 |    14 ||    68
  Use: Scroll            |       |     5 |       ||     5
 Stab: Sleeping          |     3 |     4 |       ||     7
       Distracted        |     1 |     2 |       ||     3
  Eat: Chunk             |     9 |    12 |       ||    21

Notes
Turn   | Place    | Note
--------------------------------------------------------------
     0 | D:1      | Duffy the Kobold Hunter began the quest for the Orb.
     0 | D:1      | Reached XP level 1. HP: 12/12 MP: 1/1
   128 | D:1      | Reached skill level 5 in Crossbows
   162 | D:1      | Reached XP level 2. HP: 12/17 MP: 2/2
   819 | D:1      | Reached XP level 3. HP: 14/21 MP: 3/3
   981 | D:1      | Reached skill level 6 in Crossbows
  1321 | D:1      | Found a glowing golden altar of the Shining One.
  2008 | D:2      | Reached XP level 4. HP: 18/26 MP: 4/4
  2782 | D:2      | Reached skill level 7 in Crossbows
  3167 | D:3      | Reached XP level 5. HP: 28/30 MP: 5/5
  3346 | D:3      | Reached skill level 8 in Crossbows
  3347 | D:3      | Reached XP level 6. HP: 35/35 MP: 6/6
  3525 | D:3      | Noticed Ijyb
  3553 | D:3      | Killed Ijyb
  3612 | D:3      | Reached skill level 9 in Crossbows
  3727 | D:3      | Found an ancient bone altar of Kikubaaqudgha.
  3727 | D:3      | Found a snail-covered altar of Cheibriados.
  3727 | D:3      | Found a blossoming altar of Fedhas.
  3761 | D:3      | Found a shimmering altar of Xom.
  3761 | D:3      | Found a sacrificial altar of Ru.
  3766 | D:3      | Became a worshipper of Cheibriados the Contemplative
  3958 | D:3      | Found an oddly glowing altar of Pakellas.
  4565 | D:4      | Noticed Edmund
  4628 | D:4      | Killed Edmund
  4628 | D:4      | Reached XP level 7. HP: 32/40 MP: 7/7
  4764 | D:4      | Slain by an ogre

Vault maps used:
D:1:      dpeg_arrival_more_subterranean_lakeside_camping, minivault_25,
          tso_altar
D:2:      first_bread
D:3:      lemuel_coloured_pillars_altar, grunt_temple_overflow_open, uniq_iyjb
D:4:      uniq_edmund

Vanquished Creatures
  Edmund Ijyb
  5 orc wizards
  A hound skeleton
  3 gnolls
  7 adders
  2 oozes
  2 worms
  3 dart slugs
  3 giant geckos
  4 orcs
  2 giant cockroaches
  5 goblins
  8 hobgoblins
  9 jackals
  2 quokkas
  2 ball pythons
  3 bats
  A giant newt
  8 kobolds
  5 rats
77 creatures vanquished.
